 Dungeon Crawl Stone Soup version 0.24.0-13-gcf9b319 (webtiles) character file.

Game seed: 11896125363136099243, levelgen mode: deterministic

39 prawnwizard the Sneak (level 3, 0/16 HPs)
             Began as a Spriggan Enchanter on Mar 4, 2020.
             Succumbed to an adder's poison
             ... on level 2 of the Dungeon.
             The game lasted 00:03:11 (2457 turns).

prawnwizard the Sneak (Spriggan Enchanter)          Turns: 2457, Time: 00:03:12

Health: 0/16       AC:  2    Str:  4    XL:     3   Next: 28%
Magic:  8/8        EV: 19    Int: 16    God:
Gold:   51         SH:  0    Dex: 17    Spells: 6/7 levels left

rFire    . . .     SeeInvis +   a - +1 dagger
rCold    . . .     Gourm    .   (shield restricted)
rNeg     . . .     Faith    .   b - +0 robe
rPois    .         Spirit   .   (helmet restricted)
rElec    .         Reflect  .   (no cloak)
rCorr    .         Harm     .   (gloves unavailable)
MR       .....                  (boots unavailable)
Stlth    +++.......             (no amulet)
HPRegen  0.05/turn              (no ring)
MPRegen  0.11/turn              (no ring)

@: lethally poisoned (0 -> -11), very quick
A: very small, unfitting armour, see invisible, herbivore, speed 3, slow
metabolism 2
a: no special abilities


You were on level 2 of the Dungeon.
You were not hungry.

You visited 1 branch of the dungeon, and saw 2 of its levels.

You collected 51 gold pieces.

Inventory:

Hand Weapons
 a - a +1 dagger (weapon)
Armour
 b - a +0 robe (worn)
Scrolls
 e - a scroll of magic mapping {unknown}
 f - a scroll of enchant armour {unknown}
Potions
 c - 2 potions of experience {unknown}
 g - a potion of flight {unknown}
 h - 2 potions of lignification {unknown}
 i - a potion of brilliance {unknown}
Comestibles
 d - 8 rations


   Skills:
 * Level 2.2 Short Blades
 + Level 3.5 Dodging
 * Level 5.2 Stealth
 - Level 2.6 Spellcasting
 + Level 4.0 Hexes


You had 6 spell levels left.
You knew the following spells:

 Your Spells              Type           Power        Failure   Level  Hunger
a - Corona                Hex            ###....      3%          1    #......

Your spell library contained the following spells:

 Spells                   Type           Power        Failure   Level  Hunger
 Confuse                  Hex            ###.....     11%         3    ###....
 Tukima's Dance           Hex            ###.....     11%         3    ###....
 Ensorcelled Hibernation  Hex/Ice        #.....       13%         2    ##.....
 Dazzling Spray           Conj/Hex       #.....       26%         3    ###....


Dungeon Overview and Level Annotations

Branches:
Dungeon (2/15)

Altars:


Innate Abilities, Weirdness & Mutations

You are very small and have problems with some larger weapons.
You are too small for most types of armour.
You have supernaturally acute eyesight. (SInv)
You are a herbivore.
You cover ground extremely quickly.
You need to consume almost no food.


Message History

You kill the giant cockroach!
You miss the adder. The adder bites you.
You are poisoned.
The adder poisons you!
You hit the adder but do no damage.
You feel sick. The adder closely misses you.
You hit the adder but do no damage. The adder misses you.
The adder completely misses you.
You miss the adder. The adder bites you.
You miss the adder. The adder bites you.
You are lethally poisoned!
The adder poisons you!
You hit the adder but do no damage.
* * * LOW HITPOINT WARNING * * *
You feel sick. The adder bites you.
* * * LOW HITPOINT WARNING * * *
You are more poisoned.
The adder poisons you!
You barely miss the adder.
You die...

#(...#.## #....#..##.
#...$......
#!#......#. #########
#..<.%.....
###.......#
#..........
........%.#
#.)......#.
......S...#.##.#+###.#
..^..%....+...@# .!
..........####S# .
...........s...#
#.#.......!...## #
#...........#
#..............
#####.......##.#
#.......# # #######..


You could see an adder.

Vanquished Creatures
  3 dart slugs (D:1)
  A leopard gecko (D:1)
  A giant cockroach (D:2)
  2 goblins (D:1)
  6 hobgoblins
  6 jackals (D:1)
  3 bats (D:1)
  3 frilled lizards (D:1)
  A kobold (D:1)
  4 rats (D:1)
30 creatures vanquished.

Notes
Turn   | Place    | Note
-------+----------+-------------------------------------------
     0 | D:1      | prawnwizard the Spriggan Enchanter began the quest for the
                  | Orb.
     0 | D:1      | Reached XP level 1. HP: 9/9 MP: 5/5
   387 | D:1      | Reached XP level 2. HP: 13/13 MP: 6/6
  1227 | D:1      | Reached skill level 5 in Stealth
  1733 | D:1      | Reached XP level 3. HP: 8/16 MP: 8/8
  2457 | D:2      | Succumbed to an adder's poison

Levels and vault maps discovered:
D:1:      scummos_arrival_hexagon, layout_basic
D:2:      layout_basic, lemuel_doored_altar, first_ration

Skill      XL: |  1  2  3 |
---------------+----------+-----
Stealth        | 5 |  5.2
Short Blades   | 2 |  2.2
Hexes          | 4 |  4.0
Dodging        | |  3.5
Spellcasting   | |  2.6

Action                   || total
-------------------------++-------
Melee: Dagger            ||   209
 Stab: Sleeping          ||     4
Armor: Robe              ||    21
Dodge: Dodged            ||   170
